 Dungeon Crawl Stone Soup version 0.29.1-12-g30fa7ad0bf (webtiles) character file.

Game seed: 12601887420385165294

55 DildoBatman the Conjurer (level 4, -3/32 HPs)
             Began as a Formicid Conjurer on Dec 12, 2022.
             Killed from afar by a white imp (11 damage)
             ... with a puff of frost
             ... on level 6 of the Dungeon.
             The game lasted 00:04:20 (2203 turns).

DildoBatman the Conjurer (Formicid Conjurer)        Turns: 2203, Time: 00:04:21

Health: -3/32      AC:  5    Str: 12    XL:     4   Next: 14%
Magic:  5/8        EV: 12    Int: 19    God:
Gold:   127        SH:  0    Dex: 15    Spells: 5/8 levels left

rFire   x . .      SeeInvis +   a - +0 sling
rCold   . . .      Faith    .   (no shield)
rNeg    . . .      Spirit   .   i - +0 robe
rPois   .          Reflect  .   (helmet unavailable)
rElec   +          Harm     .   x - +0 cloak
rCorr   +          Rampage  .   y - +1 pair of gloves "Goavinutt" {rElec rF- rCorr Dex+3}
Will    .....                   (no boots)
Stlth   ++........              (no amulet)
HPRegen 0.10/turn               q - ring of wizardry
MPRegen 0.11/turn               (no ring)

@: no status effects
A: permanent stasis, dig shafts and tunnels, antennae 3, four strong arms
a: Dig, Shaft Self


You were on level 6 of the Dungeon.
You visited 1 branch of the dungeon, and saw 5 of its levels.

You collected 127 gold pieces.

Inventory:

Hand Weapons
 a - a +0 sling (weapon)
 b - a +0 quarterstaff
Missiles
 c - 33 stones
 l - 2 atropa-tipped darts
 n - a throwing net
 v - 3 poisoned darts
 A - 6 boomerangs
Armour
 i - a +0 robe (worn)
 x - a +0 cloak (worn)
 y - the +1 pair of gloves "Goavinutt" (worn) {rElec rF- rCorr Dex+3}
   (You found it on level 3 of the Dungeon)

   Dex:       It affects your dexterity (+3).
   rF:        It makes you vulnerable to fire.
   rElec:     It insulates you from electricity.
   rCorr:     It protects you from acid and corrosion.
Jewellery
 q - a ring of wizardry (left hand)
Wands
 d - a wand of acid (8)
Scrolls
 f - a scroll of amnesia {unknown}
 g - a scroll of summoning {unknown}
 j - a scroll of identify {unknown}
 m - 2 scrolls of fear {unknown}
 p - a scroll of magic mapping {unknown}
 r - 2 scrolls of teleportation {unknown}
 t - a scroll of vulnerability {unknown}
 w - a scroll of enchant weapon {unknown}
Potions
 e - a potion of magic
 h - a potion of attraction {unknown}
 k - a potion of resistance {unknown}
 o - 3 potions of haste {unknown}
 s - a potion of degeneration {unknown}
 u - 2 potions of heal wounds {unknown}
 z - a potion of lignification {unknown}


   Skills:
 * Level 1.5 Fighting
 * Level 1.5 Armour
 - Level 2.0 Dodging
 - Level 2.4 Stealth
 * Level 2.8 Spellcasting
 * Level 3.9 Conjurations


You had 5 spell levels left.
You knew the following spells:

 Your Spells              Type           Power      Damage    Failure   Level
a - Searing Ray           Conj           34%        2d5       1%          2
c - Magic Dart            Conj           68%        1d6       1%          1

Your spell library contained the following spells:

 Spells                   Type           Power      Damage    Failure   Level
 Dazzling Flash           Conj/Hex       20%        N/A       9%          3
 Fulminant Prism          Conj/Hex       5%         3d7       26%         4
 Iskenderun's Mystic Bla  Conj/Tloc      10%        2d4       26%         4


Dungeon Overview and Level Annotations

Branches:
Dungeon (6/15)
 Temple: D:4-7

Altars:
Ashenzari
Qazlal
Ru
Zin

Annotations:
D:2 1 runed translucent door, 1 exclusion, Jessica
D:3 exclusions: angel, earth elemental and 1 more exclusion


Innate Abilities, Weirdness & Mutations

You cannot be hasted, slowed, berserked, paralysed or teleported.
You can dig through walls and to a lower floor.
You have a pair of large antennae on your head. (SInv)
Your four strong arms can wield two-handed weapons with a shield.


Message History

Anything else - Cancel.
You shout for attention!
The white imp gestures at you. The puff of frost misses you.
What are your orders? t - Shout!
Orders for allies: a - Attack new target. r - Retreat! s - Stop attacking. g - Guard the area. f - Follow me.
Anything else - Cancel.
You shout for attention!
The white imp hits you. The white imp freezes you.
What are your orders? t - Shout!
Orders for allies: a - Attack new target. r - Retreat! s - Stop attacking. g - Guard the area. f - Follow me.
Anything else - Cancel.
You shout for attention!
The white imp gestures at you. The puff of frost hits you.
What are your orders? t - Shout!
Orders for allies: a - Attack new target. r - Retreat! s - Stop attacking. g - Guard the area. f - Follow me.
Anything else - Cancel.
You shout for attention!
The white imp closely misses you. What are your orders? t - Shout!
Orders for allies: a - Attack new target. r - Retreat! s - Stop attacking. g - Guard the area. f - Follow me.
Anything else - Cancel.
You shout for attention!
The white imp gestures at you. The puff of frost hits you!
You die...

## #.# #..#
....# ......
## #...###.##
##........#
#.....@..#
..)....5..#
...#.#.......
# #
.........#
.........##
#..........#
...........#
......[#.....


You could see a white imp.

Vanquished Creatures
  2 adders
  2 ball pythons
  2 endoplasms
  A giant cockroach (D:1)
  5 hobgoblins
  3 quokkas
  2 bats (D:1)
  2 frilled lizards
  4 goblins
  5 kobolds
  8 rats
36 creatures vanquished.

Vanquished Creatures (others)
  8 plants (D:1)
8 creatures vanquished.

Grand Total: 44 creatures vanquished

Notes
Turn   | Place    | Note
-------+----------+-------------------------------------------
     0 | D:1      | DildoBatman the Formicid Conjurer began the quest for the
                  | Orb.
     0 | D:1      | Reached XP level 1. HP: 13/13 MP: 3/3
   127 | D:1      | You fall into a shaft and drop 1 floor!
   181 | D:2      | Noticed Jessica
   284 | D:2      | Found a faded altar of an unknown god.
   289 | D:2      | Found a sacrificial altar of Ru.
   321 | D:2      | Reached XP level 2. HP: 20/20 MP: 0/5
   324 | D:2      | Learned a level 2 spell: Searing Ray
   903 | D:1      | Reached skill level 1 in Armour
   986 | D:2      | Reached skill level 1 in Fighting
   986 | D:2      | Reached XP level 3. HP: 26/26 MP: 4/6
  1254 | D:2      | Found a runed translucent door.
  1604 | D:3      | Found a stormy altar of Qazlal.
  1606 | D:3      | Noticed an earth elemental
  1606 | D:3      | Noticed an air elemental
  1607 | D:3      | Noticed a fire elemental
  1607 | D:3      | Noticed a water elemental
  1670 | D:3      | Noticed an angel
  1671 | D:3      | Found a glowing silver altar of Zin.
  1705 | D:3      | Identified the +1 pair of gloves "Goavinutt" {rElec rF-
                  | rCorr Dex+3}
  2155 | D:4      | Reached XP level 4. HP: 24/32 MP: 0/8
  2155 | D:4      | Found a broken altar of Ashenzari.
  2171 | D:4      | You fall into a shaft and drop 2 floors!
  2203 | D:6      | Killed from afar by a white imp

Illustrated notes

Levels and vault maps discovered:
D:1:      erik_arrival_triangle_medium, layout_rooms, serial_bayou,
          serial_bayou_ford_a, serial_bayou_shore_b, serial_bayou_lagoon_a,
          serial_bayou_pond_e
D:2:      layout_loops_ring, ebering_ecumenical_altar_box, basic_altar,
          uniq_crazy_yiuf_cottage, uniq_jessica
D:3:      layout_rooms, nicolae_qazlal_style_of_elements, zin_angel,
          minmay_fountain_box, lemuel_flame_loot_1
D:4:      layout_loops_ring, cheibrodos_ashenzari_chains, kennysheep_mini,
          nicolae_uskayaw_suspiria, grunt_decor_junction
D:6:      layout_cave_pools, mainiacjoe_overflow_boulevard, bloody_makhleb,
          nicolae_good_shop

Skill      XL: |  1  2 |
---------------+-------+-----
Dodging        | 2 |  2.0
Armour         | 1 |  1.5
Fighting       | 1 |  1.5
Stealth        | |  2.4
Spellcasting   | |  2.8
Conjurations   | |  3.9

Action                   |  1- 3 |  4- 6 || total
-------------------------+-------+-------++-------
 Fire: Sling             |    36 |       ||    36
 Cast: Magic Dart        |    34 |       ||    34
       Searing Ray       |     3 |       ||     3
 Abil: Shaft Self        |       |     1 ||     1
Armor: Robe              |     3 |     7 ||    10
Dodge: Dodged            |     9 |     9 ||    18
